 Dungeon Crawl Stone Soup version 0.31-a0-198-g2ad674f65e (webtiles) character file.

Game seed: 9116481495500472841

38 qw the Shooter (level 3, -1/20 HPs)
             Began as a Deep Elf Hunter on June 25, 2023.
             Slain by a hobgoblin (2 damage)
             ... on level 2 of the Dungeon.
             The game lasted 00:00:21 (683 turns).

qw the Shooter (Deep Elf Hunter)                     Turns: 683, Time: 00:00:21

Health: -1/20      AC:  5    Str: 10    XL:     3   Next: 25%
Magic:  5/5        EV: 11    Int: 13    God:
Gold:   71         SH:  0    Dex: 18    Spells: 2/2 levels left

rFire   . . .        Y - +0 shortbow
rCold   . . .        (shield currently unavailable)
rNeg    . . .        d - +0 ring mail
rPois   .            (no helmet)
rElec   .            (no cloak)
rCorr   .            (no gloves)
SInv    .            (no boots)
Will    .....        (no amulet)
Stlth   +            (no ring)
HPRegen 0.23/turn    (no ring)
MPRegen 0.09/turn

%: no passive effects
@: no status effects
A: no striking features
a: no special abilities


You were on level 2 of the Dungeon.
You visited 1 branch of the dungeon, and saw 2 of its levels.

You collected 71 gold pieces.


   Skills:
 - Level 1.5 Fighting
 + Level 6.8 Ranged Weapons
 - Level 2.4 Dodging
 - Level 1.2 Stealth


You had 2 spell levels left.
You didn't know any spells.
Your spell library was empty.

Inventory:

Hand Weapons
 Y - a +0 shortbow (weapon)
Armour
 d - a +0 ring mail (worn)
Potions
 f - a potion of heal wounds {unknown}
 g - a potion of enlightenment {unknown}
 j - a potion of haste {unknown}

Dungeon Overview and Level Annotations

Branches:
Dungeon (2/15)

Altars:

Annotations:
D:2 Robin


Message History

You shoot an arrow.
The arrow hits Robin but does no damage.
You hear a shout!
Robin roars a battlecry!
A goblin comes into view. It is wielding a +0 club.
You shoot an arrow. The arrow hits the hobgoblin.
The hobgoblin is almost dead.
A goblin comes into view. It is wielding a +0 dagger.
You shoot an arrow.
The arrow hits the hobgoblin but does no damage.
The hobgoblin is almost dead.
A goblin comes into view. It is wielding a +0 dagger.
The hobgoblin closely misses you.
Robin hits you from afar with a +4 trident of flaming.
Robin burns you.
A hobgoblin comes into view.
A goblin comes into view. It is wielding a +0 club.
A worm comes into view.
You shoot an arrow. The arrow hits the hobgoblin.
You kill the hobgoblin!
Robin barely misses you.
You shoot an arrow. The arrow hits Robin.
Robin is moderately wounded.
Robin roars a battlecry!
The goblins go into a battle-frenzy!
A goblin comes into view. It is wielding a +0 dagger.
Robin hits you but does no damage.
You shoot an arrow.
The arrow hits Robin but does no damage.
Robin is moderately wounded.
Robin barely misses you.
You shoot an arrow.
The arrow hits the hobgoblin but does no damage.
Robin throws the goblin at you! The goblin hits you with a +0 club.
The hobgoblin hits you.
You shoot an arrow.
The arrow hits the hobgoblin but does no damage.
Robin hits you from afar with a +4 trident of flaming.
Robin burns you. The hobgoblin hits you.
You die...

........)....#
#......#......
#...........#
#......####.##
#......#######
###...........
##......#....#
####<..#.).
#.###..#..>.#####
###.#### ..
##..........# .
.. #..###.###.#
.. . #......gg#
.. #.##.#.#@# ...
#.##.#.#%# #.##
#.#g# #.. ..gg#
### #..g# ..#w.
..... ###..


You could see a worm, Robin, a hobgoblin (strong) and 4 goblins.

Vanquished Creatures
  2 dart slugs (D:1)
  A ball python (D:1)
  4 bats
  2 endoplasms
  3 goblins
  6 hobgoblins
  5 kobolds
  2 quokkas (D:1)
  5 rats
30 creatures vanquished.

Notes
Turn   | Place    | Note
-------+----------+-------------------------------------------
     0 | D:1      | qw the Deep Elf Hunter began the quest for the Orb.
     0 | D:1      | Reached XP level 1. HP: 12/12 MP: 3/3
     0 | D:1      | 0 ||| qw: Version: 0.3-a-22-g0ed2b0b
     0 | D:1      | 0 ||| qw: Game counter: 5285
     0 | D:1      | 0 ||| qw: Melee chars always use a shield: true
     0 | D:1      | 0 ||| qw: God list: Okawaru
     0 | D:1      | 0 ||| qw: Allow faded altars: false
     0 | D:1      | 0 ||| qw: Do Orc after clearing Dungeon:15 true
     0 | D:1      | 0 ||| qw: Do second Lair branch before Depths: true
     0 | D:1      | 0 ||| qw: Lair rune preference: random
     0 | D:1      | 0 ||| qw: Goals: Normal
     0 | D:1      | 0 ||| PLANNING D:1-11
   208 | D:1      | Reached XP level 2. HP: 14/16 MP: 4/4
   210 | D:1      | Reached skill level 6 in Ranged Weapons
   547 | D:1      | 547 ||| UPGRADING to +0 ring mail.
   557 | D:1      | 557 ||| DROPPING +0 leather armour.
   558 | D:1      | 558 ||| READING scroll labelled YXZAYJ CEGUOSK.
   559 | D:1      | 559 ||| READING scroll labelled BOKEAL POHIGONK.
   560 | D:1      | 560 ||| READING scroll labelled TIAHOS DESI.
   561 | D:1      | 561 ||| DROPPING scroll of butterflies.
   643 | D:2      | Reached XP level 3. HP: 20/20 MP: 5/5
   672 | D:2      | Noticed Robin
   683 | D:2      | HP: 3/20 [Robin/+4 trident of flaming (3)]
   683 | D:2      | HP: 1/20 [Robin/+4 trident of flaming (2)]
   683 | D:2      | Slain by a hobgoblin

Levels and vault maps discovered:
D:1:      dpeg_arrival_round_b, layout_basic, minmay_statues_item
D:2:      layout_basic, kennysheep_generic_room_11, uniq_robin

Skill      XL: |  1  2 |
---------------+-------+-----
Ranged Weapons | 6 |  6.8
Fighting       | |  1.5
Dodging        | |  2.4
Stealth        | |  1.2

Action                     || total
---------------------------++-------
   Fire: Shortbow          ||    80
    Use: Scroll            ||     3
 Armour: Leather armour    ||     3
         Ring mail         ||     2
  Dodge: Dodged            ||    17

Table legend:
 A = Non-vault XP
 B = Vault XP
 C = Vault XP percentage of total XP
 D = Non-vault monster count
 E = Vault monster count
 F = Vault count percentage of total count
                 A         B        C        D         E       F
            +---------+---------+-------+---------+---------+-------
      Total |      47 |       8 |  14.5 |      26 |       4 |  13.3
            +---------+---------+-------+---------+---------+-------
        D:1 |      32 |       0 |   0.0 |      16 |       0 |   0.0
        D:2 |      15 |       8 |  34.8 |      10 |       4 |  28.6
            +---------+---------+-------+---------+---------+-------
